 Dungeon Crawl Stone Soup version 0.27-a0-562-g0d39f094a4 (webtiles) character file.

Game seed: 18264029661784953007

755 kae the Ruffian (level 7, -1/62 HPs)
             Began as a Naga Transmuter on Mar 8, 2021.
             Was an Initiate of Cheibriados.
             Slain by Edmund
             ... wielding a +2 vorpal dire flail
              (5 damage)
             ... on level 5 of the Dungeon.
             The game lasted 00:04:43 (5246 turns).

kae the Ruffian (Naga Transmuter)                   Turns: 5246, Time: 00:04:43

Health: -1/62      AC:  2    Str: 15    XL:     7   Next: 79%
Magic:  9/11       EV: 20    Int: 14    God:    Cheibriados [......]
Gold:   151        SH:  0    Dex: 18    Spells: 4/12 levels left

rFire    . . .     SeeInvis +     - Unarmed
rCold    . . .     Faith    .   (shield currently unavailable)
rNeg     . . .     Spirit   .   (armour currently unavailable)
rPois    x         Reflect  .   (helmet currently unavailable)
rElec    .         Harm     .   (cloak currently unavailable)
rCorr    .         Rampage  .   (gloves currently unavailable)
Will     .....                  (no barding)
Stlth    ++........             (no amulet)
HPRegen  0.20/turn              (no ring)
MPRegen  0.12/turn              (no ring)

@: lethally poisoned (-1 -> -20), spider-form, very slow
A: tiny, see invisible, spit poison 1, AC +2
a: Spit Poison, End Transformation, Renounce Religion, Bend Time


You were on level 5 of the Dungeon.
You worshipped Cheibriados.
Cheibriados was noncommittal.
You were a venomous arachnid creature.
You visited 2 branches of the dungeon, and saw 6 of its levels.

You collected 151 gold pieces.

Inventory:

Armour
 a - a +0 robe (melded)
Jewellery
 j - a ring of positive energy
 m - a ring of fire
Wands
 h - a wand of flame (18)
 i - a wand of digging (3)
Scrolls
 d - 3 scrolls of identify
 e - a scroll of amnesia
 g - 3 scrolls of teleportation
Potions
 b - 5 potions of curing
 c - a potion of ambrosia
 f - a potion of haste
 k - a potion of flight
 l - a potion of lignification
 n - a potion of magic


   Skills:
 - Level 3.0 Fighting
 - Level 3.0 Dodging
 + Level 4.7 Unarmed Combat
 - Level 3.1 Spellcasting
 + Level 4.1 Transmutations
 * Level 3.2 Ice Magic
 - Level 2.0 Poison Magic


You had 4 spell levels left.
You knew the following spells:

 Your Spells              Type           Power      Damage    Failure   Level
a - Beastly Appendage     Tmut           26%        N/A       12%         1
b - Spider Form           Tmut/Pois      5%         N/A       38%         3
c - Ice Form              Ice/Tmut       12%        N/A       65%         4

Your spell library contained the following spells:

 Spells                   Type           Power      Damage    Failure   Level
 Wereblood                Tmut           13%        N/A       17%         2
 Ensorcelled Hibernation  Hex/Ice        12%        N/A       36%         2
 Corona                   Hex            2%         N/A       43%         1
 Confusing Touch          Hex            2%         N/A       75%         3
 Dazzling Flash           Conj/Hex       4%         N/A       75%         3
 Tukima's Dance           Hex            2%         N/A       75%         3
 Blade Hands              Tmut           6%         N/A       87%         5


Dungeon Overview and Level Annotations

Branches:
Dungeon (5/15)             Temple (1/1) D:4

Altars:
Ashenzari
Cheibriados
Dithmenos
Elyvilon
Fedhas
Gozag
Hepliaklqana
Kikubaaqudgha
Nemelex Xobeh
Ru
Sif Muna
Trog
Uskayaw
Wu Jian
Yredelemnul
Zin

Shops:
D:2 *

Annotations:
D:3 2 runed translucent doors, kae's ghost, amateur HOGl
D:5 Edmund


Innate Abilities, Weirdness & Mutations

((Your serpentine skin is tough. (AC +2)))
You have supernaturally acute eyesight. (SInv)
((Armour fits poorly on your strangely shaped body.))
((Your system is resistant to poisons. (rPois)))
((You cover ground very slowly.))
You can spit poison.
((You have a snake-like lower body.))


Message History

A worker ant comes into view.
Found a potion of haste and 28 stones.
Casting: Spider Form (dangerous; 19% risk of failure)
Confirm with . or Enter, or press ? or * to list all spells.
You turn into a venomous arachnid creature.
Your +0 robe melds into your body.
Edmund misses you.
You hit Edmund.
Edmund is poisoned.
Edmund is lightly wounded.
Edmund closely misses you.
You bite Edmund!
Edmund is moderately wounded.
Edmund hits you with a +2 vorpal dire flail.
You hit Edmund.
Edmund looks as sick as possible!
Edmund is heavily wounded.
The worker ant bites you.
You barely miss Edmund.
Edmund is heavily wounded.
The worker ant barely misses you. Edmund closely misses you.
You hit Edmund.
Edmund looks as sick as possible!
Edmund is heavily wounded.
The worker ant bites you!
You are poisoned.
The worker ant poisons you! Edmund completely misses you.
You hit Edmund.
Edmund is severely wounded.
You feel sick. The worker ant bites you!
You are more poisoned.
The worker ant poisons you!
Edmund hits you with a +2 vorpal dire flail!
The worker ant barely misses you.
You hit Edmund.
Edmund looks as sick as possible!
Edmund is severely wounded.
You feel sick. Edmund closely misses you. The worker ant closely misses you.
You hit Edmund but do no damage.
Edmund looks as sick as possible!
Edmund is severely wounded.
You feel sick. The worker ant misses you.
Edmund hits you with a +2 vorpal dire flail!
* * * LOW HITPOINT WARNING * * *
You die...

#..# .(! ##..#
... #..## ....
##..# ..... #...#
.....## #...#
.......##..##
......B....##..
......@s.........
...........##...#
.......##..# #..
....### #..# #
.## #..# #..#
#..#


You could see Edmund (extremely poisoned) and a worker ant.

Vanquished Creatures
  Sigmund (D:2)
  An ice beast (D:5)
  A sky beast (D:3)
  A black bear (D:2)
  A centaur (D:5)
  A jelly (D:5)
  An orc wizard (D:4)
  Natasha (thrice) (D:3)
  3 adders
  2 oozes
  2 adder skeletons (D:5)
  4 worms
  A dart slug (D:1)
  11 orcs
  2 ball pythons
  2 giant cockroaches
  6 goblins
  4 hobgoblins
  2 kobolds (D:2)
  3 quokkas
  7 bats
  A frilled lizard (D:2)
  3 rats
63 creatures vanquished.

Notes
Turn   | Place    | Note
-------+----------+-------------------------------------------
     0 | D:1      | kae the Naga Transmuter began the quest for the Orb.
     0 | D:1      | Reached XP level 1. HP: 18/18 MP: 3/3
   480 | D:1      | Reached XP level 2. HP: 25/25 MP: 5/5
   804 | D:2      | Found Gozag's Platinum Reserve.
  1386 | D:2      | Reached XP level 3. HP: 13/31 MP: 4/6
  1655 | D:2      | Noticed a black bear
  1671 | D:1      | Learned a level 3 spell: Spider Form
  1678 | D:2      | Killed a black bear
  1679 | D:2      | Reached XP level 4. HP: 39/39 MP: 3/8
  1679 | D:2      | Reached XP level 5. HP: 45/45 MP: 3/9
  1695 | D:2      | Noticed Sigmund
  1710 | D:2      | Killed Sigmund
  1711 | D:2      | Reached XP level 6. HP: 49/55 MP: 4/10
  1769 | D:2      | Found a faded altar of an unknown god.
  1770 | D:2      | Found an opulent altar of Gozag.
  1938 | D:2      | Found a shimmering blue altar of Sif Muna.
  2218 | D:3      | Noticed Natasha
  2222 | D:3      | Killed Natasha
  2275 | D:3      | Learned a level 4 spell: Ice Form
  2398 | D:3      | Noticed a sky beast
  2411 | D:3      | Killed a sky beast
  2412 | D:3      | Reached skill level 1 in Poison Magic
  2521 | D:3      | Reached skill level 1 in Ice Magic
  2605 | D:3      | Found a broken altar of Ashenzari.
  2810 | D:3      | Noticed Natasha
  2818 | D:3      | Killed Natasha
  2819 | D:3      | Reached XP level 7. HP: 52/62 MP: 7/11
  2890 | D:3      | Found a large runed translucent door.
  2891 | D:3      | Found a large runed translucent door.
  2892 | D:3      | Noticed kae's ghost (amateur HOGl)
  3191 | D:3      | Noticed Natasha
  3198 | D:3      | Killed Natasha
  3939 | D:3      | Found a basalt altar of Yredelemnul.
  4229 | D:4      | Found a staircase to the Ecumenical Temple.
  4262 | D:4      | Found a sacrificial altar of Ru.
  4344 | D:4      | Found a bloodstained altar of Trog.
  4515 | Temple   | Entered the Ecumenical Temple
  4829 | Temple   | Became a worshipper of Cheibriados the Contemplative
  4874 | D:5      | Entered Level 5 of the Dungeon
  5235 | D:5      | Noticed Edmund
  5246 | D:5      | Slain by Edmund

Illustrated notes

Levels and vault maps discovered:
D:1:      amcnicky_arrival_gap_in_the_tavern_cellar, layout_basic,
          serial_park_tiny_pond
D:2:      layout_basic, lemuel_doored_altar, chequers_ecumenical_altar_island,
          nicolae_gozag_zags_fifth_avenue, uniq_sigmund
D:3:      lemuel_upstairs_altar, layout_loops_cross, nicolae_ashenzari_skybound,
          ebering_ghost_disaster_area, uniq_natasha
D:4:      layout_loops_ring, kennysheep_mini_moat,
          minmay_temple_entry_statues_pillars, nicolae_ru_the_path_less_chosen
D:5:      layout_cave_pods, serial_shops, shop, makhleb_heckhound_becter,
          uniq_edmund
Temple:   oiseaux_autumnal_temple

Skill      XL: |  1  2  3  4  5  6  7 |
---------------+----------------------+-----
Fighting       | 2 3 |  3.0
Dodging        | 2 3 |  3.0
Unarmed Combat | 4 |  4.7
Spellcasting   | 3 |  3.1
Transmutations | 3 4 |  4.1
Poison Magic   | 1 2 |  2.0
Ice Magic      | 1 3 |  3.2

Action                   |  1- 3 |  4- 6 |  7- 9 || total
-------------------------+-------+-------+-------++-------
Melee: Unarmed           |    30 |    52 |    96 ||   178
       Headbutt          |     2 |       |     5 ||     7
 Cast: Beastly Appendage |     9 |       |     2 ||    11
       Spider Form       |     1 |    10 |    17 ||    28
 Abil: Spit Poison       |    15 |    10 |     1 ||    26
  Use: Scroll            |       |     8 |     3 ||    11
Armor: Robe              |     2 |     7 |     4 ||    13
       Skin              |       |     2 |     5 ||     7
Dodge: Dodged            |    15 |    31 |    96 ||   142

Table legend: (Time is in decaauts)
 A = Elapsed time spent in this place.
 B = Non-inter-level travel time spent in this place.
 C = Inter-level travel time spent in this place.
 D = Time resting spent in this place.
 E = Time spent auto-exploring this place.
 F = Levels seen in this place.
 G = Mean time per level.
                   A        B        C        D        E       F      G
               +--------+--------+--------+--------+--------+-----+--------+
         Total |   6503 |   6174 |    329 |    218 |   5417 |   6 | 1083.8 |
       Dungeon |   5990 |   5764 |    226 |    218 |   5008 |   5 | 1198.0 |
        Temple |    513 |    411 |    102 |      0 |    408 |   1 |  513.0 |
               +--------+--------+--------+--------+--------+-----+--------+

Top non-repeatable levels by time:
     D:3: 1804 daAuts
     D:2: 1630 daAuts
     D:4: 1084 daAuts
     D:1: 1054 daAuts
  Temple: 513 daAuts
     D:5: 417 daAuts
